 Dungeon Crawl Stone Soup version 0.16-a0-3911-g06eb01e (webtiles) character file.

1603 timbw the Cleaver (level 9, 0/108 HPs)
             Began as a Human Fighter on Feb 4, 2015.
             Was a Believer of Makhleb.
             Slain by a hippogriff (2 damage)
             ... on level 7 of the Dungeon.
             The game lasted 00:12:24 (3103 turns).

timbw the Cleaver (Human Fighter)                   Turns: 3103, Time: 00:12:24

Health: 0/108      AC: 24    Str: 20    XL:     9   Next: 16%
Magic:  18/18      EV:  2    Int:  9    God:    Makhleb [**....]
Gold:   231        SH:  0    Dex: 12    Spells: 0 memorised, 8 levels left

rFire  . . .     SeeInvis .     a - +0 war axe
rCold  . . .     Clarity  .     G - melded +0 plate armour
rNeg   + + +     SustAb   .     (no shield)
rPois  +         Gourm    .     g - melded +1 helmet
rElec  .         Spirit   .     (cloak currently unavailable)
rCorr  .         Warding  .     (gloves currently unavailable)
rMut   .         NoTele   +     (boots currently unavailable)
MR     +....                    (no amulet)
Stlth  +.........               D - ring of protection from magic
                                i - ring of magical power

@: lethally poisoned (0 -> -13), tree-form, somewhat resistant to hostile
enchantments, very unstealthy
A: no striking features
a: Minor Destruction, Renounce Religion


You were on level 7 of the Dungeon.
You worshipped Makhleb.
Makhleb was pleased with you.
You were not hungry.
You were a tree.
You visited 2 branches of the dungeon, and saw 9 of its levels.

You collected 231 gold pieces.

Inventory:

Hand weapons
 a - a +0 war axe (weapon)
 y - a +0 blowgun
Missiles
 k - a throwing net (quivered)
 m - 8 javelins
 B - 11 poisoned needles
Armour
 f - a +0 cloak
 g - a +1 helmet (melded)
 q - a +0 helmet
 s - a +0 scale mail
 v - a +0 chain mail
 G - a +0 plate armour (melded)
Rods
 b - a +1 rod of destruction (10/10)
   (You found it on level 7 of the Dungeon)
Jewellery
 i - a ring of magical power (left branch)
 D - a ring of protection from magic (right branch)
Magical devices
 t - a wand of flame (13)
Scrolls
 j - 2 scrolls of blinking
 p - 3 scrolls of teleportation
 r - a scroll of identify {unknown}
 u - 3 scrolls of remove curse {unknown}
 E - a scroll of magic mapping {unknown}
Potions
 e - a potion of might
 l - a potion of lignification
 n - a potion of curing {unknown}
 w - a potion of poison {unknown}
 C - a potion of mutation {unknown}
 F - a potion of magic {unknown}
Books
 h - a book of Envenomations

   Spells                             Type                      Level
   a - Spider Form                    Transmutation/Poison         3
   b - Alistair's Intoxication        Transmutation/Poison         4
   c - Olgreb's Toxic Radiance        Poison                       4
   d - Poisonous Cloud                Conjuration/Poison/Air       6
Comestibles
 c - a chunk of flesh
 d - 3 bread rations
 o - 3 fruits
 x - a beef jerky


   Skills:
 + Level 7.0 Fighting
 * Level 9.2 Axes
 + Level 3.0 Armour
   Level 3.0 Shields


You had 8 spell levels left.
You didn't know any spells.

Dungeon Overview and Level Annotations

Branches:
Dungeon (8/15)             Temple (1/1) D:4
   Lair: D:8-11

Altars:
Ashenzari
Cheibriados
Dithmenos
Elyvilon
Fedhas
Makhleb
Qazlal
Ru
Trog
Xom
Yredelemnul
The Shining One

Annotations:
D:3 4thArraOfDagon's ghost, average TrFE
D:7 Prince Ribbit


Message History

* * * LOW HITPOINT WARNING * * *
You feel sick.
The hippogriff bites you but does no damage.
The hippogriff pecks you.
* * * LOW HITPOINT WARNING * * *
The hippogriff claws you but does no damage.
The kobold hits you but does no damage.
The big kobold hits you but does no damage.
The kobold hits you but does no damage.
You barely miss the hippogriff.
The hippogriff is heavily wounded.
You completely miss the kobold.
The kobold is moderately wounded.
You barely miss the kobold.
The kobold is moderately wounded.
You slash the big kobold!
The big kobold is heavily wounded.
* * * LOW HITPOINT WARNING * * *
You feel sick. The hippogriff bites you.
You die...

# ...oo........$..# ##
.#.#.<.......# ..
#........[.....# #
.............##
....!.....#..# ≈
..#.......# ... ..^♣
....#.#.....# .. #....
#....#.......# ...
..≈_.
.....##..♣K..#....
≈^.## #.......KHK....#
..^.♣ #..(.....(.)...#
#...♣ ##.......).$.5.##
#.≈♣ #...#...(......#
###.###...#..(......$#
............(........#
..###......##..........
.####......###....#.##.


You could see a hippogriff, a big kobold, a shadow imp and 2 kobolds.

Vanquished Creatures
  A sky beast (D:7)
  An ogre (D:4)
  2 centaurs
  The ghost of timbw the Chiller, an average HuIE of Dithmenos (D:4)
  5 big kobolds (D:4)
  3 giant frogs
  A scorpion (D:5)
  A giant frog zombie (D:6)
  A crimson imp (D:5)
  4 orc priests
  A hound (D:5)
  6 worker ants
  An iguana (D:5)
  2 orc wizards
  A worker ant zombie (D:5)
  2 gnolls (D:4)
  3 adders
  2 adder skeletons
  3 giant geckos
  17 orcs
  5 goblins
  9 hobgoblins
  6 bats
  2 giant cockroaches (D:4)
  3 jackals (D:1)
  37 kobolds
  3 quokkas
  11 rats
134 creatures vanquished.

Notes
Turn   | Place    | Note
--------------------------------------------------------------
     0 | D:1      | timbw, the Human Fighter, began the quest for the Orb.
     0 | D:1      | Reached XP level 1. HP: 18/18 MP: 1/1
    44 | D:1      | Reached XP level 2. HP: 12/24 MP: 2/2
   177 | D:2      | Reached XP level 3. HP: 27/29 MP: 3/3
   215 | D:2      | Found a white marble altar of Elyvilon.
   440 | D:3      | Noticed 4thArraOfDagon's ghost (average TrFE)
   580 | D:4      | Noticed a scorpion
   599 | D:4      | Noticed a giant frog
   599 | D:5      | Entered Level 5 of the Dungeon
   606 | D:5      | Reached XP level 4. HP: 21/35 MP: 4/4
   614 | D:5      | Reached skill level 4 in Axes
   681 | D:5      | Reached XP level 5. HP: 19/41 MP: 5/5
   966 | D:6      | Reached skill level 5 in Axes
   966 | D:6      | Reached XP level 6. HP: 28/48 MP: 6/6
   981 | D:6      | Found a staircase to the Ecumenical Temple.
  1079 | D:7      | Noticed a sky beast
  1094 | D:7      | Noticed Prince Ribbit
  1452 | D:5      | Reached XP level 7. HP: 10/55 MP: 7/7
  1710 | D:4      | Reached skill level 6 in Axes
  1881 | D:4      | Reached skill level 5 in Fighting
  1914 | D:4      | Found a staircase to the Ecumenical Temple.
  1920 | Temple   | Entered the Ecumenical Temple
  1934 | Temple   | Became a worshipper of Makhleb the Destroyer
  2090 | D:4      | Noticed a big kobold
  2106 | D:4      | Killed a big kobold
  2116 | D:4      | Noticed a big kobold
  2126 | D:4      | Acquired Makhleb's first power
  2130 | D:4      | Killed a big kobold
  2130 | D:4      | Reached skill level 7 in Axes
  2130 | D:4      | Reached XP level 8. HP: 39/63 MP: 8/8
  2210 | D:4      | Killed a giant frog
  2259 | D:4      | Noticed a big kobold
  2274 | D:4      | Killed a big kobold
  2312 | D:4      | Noticed a big kobold
  2313 | D:4      | Noticed a big kobold
  2318 | D:4      | Acquired Makhleb's second power
  2329 | D:4      | Killed a big kobold
  2334 | D:4      | Killed a big kobold
  2334 | D:4      | Reached skill level 8 in Axes
  2381 | D:4      | Noticed timbw's ghost (average HuIE)
  2397 | D:4      | Killed timbw's ghost
  2426 | D:5      | Noticed a centaur
  2436 | D:5      | Killed a centaur
  2511 | D:6      | Noticed a centaur
  2518 | D:6      | Killed a centaur
  2567 | D:6      | Reached XP level 9. HP: 25/71 MP: 9/9
  2746 | D:7      | Found a shimmering altar of Xom.
  2785 | D:7      | Identified a +1 rod of destruction (10/10) (You found it on level 7 of the Dungeon)
  2997 | D:7      | Killed a sky beast
  2997 | D:7      | Reached skill level 9 in Axes
  3089 | D:7      | Noticed a hippogriff
  3094 | D:7      | HP: 1/72 [hippogriff (6)]
  3099 | D:7      | HP: 1/72 [hippogriff (4)]
  3103 | D:7      | Slain by a hippogriff

Action                   |  1- 3 |  4- 6 |  7- 9 || total
-------------------------+-------+-------+-------++-------
Melee: War axe           |    60 |   118 |   295 ||   473
 Fire: Blowgun           |       |       |     4 ||     4
Throw: Throwing net      |     1 |     1 |     1 ||     3
  Use: Scroll            |     3 |       |       ||     3
       Potion            |       |       |     6 ||     6
 Stab: Held in net/web   |       |     1 |       ||     1
  Eat: Chunk             |       |     2 |     6 ||     8
